 Dungeon Crawl Stone Soup version 0.29.1-15-g9cfb28693d (webtiles) character file.

Game seed: 15322731506249757475

258 hawla the Firebug (level 6, -6/45 HPs)
             Began as a Meteoran Fire Elementalist on Apr 5, 2023.
             Engulfed by a cloud of flame (18 damage)
             ... on level 4 of the Dungeon.
             The game lasted 00:04:21 (1176 turns).

hawla the Firebug (Meteoran Fire Elementalist)      Turns: 1176, Time: 00:04:22

Health: -6/45      AC:  2    Str: 10    XL:     6   Next: 68%
Magic:  2/13       EV: 13    Int: 19    God:
Gold:   121        SH:  0    Dex: 14    Spells: 6/13 levels left

rFire   . . .      SeeInvis .   h - +1 whip (venom)
rCold   . . .      Faith    .   (no shield)
rNeg    . . .      Spirit   .   a - +0 robe
rPois   .          Reflect  .   (no helmet)
rElec   .          Harm     .   (no cloak)
rCorr   .          Rampage  .   (no gloves)
Will    .....                   (no boots)
Stlth   +.........              (no amulet)
HPRegen 0.15/turn               (no ring)
MPRegen 0.13/turn               (no ring)

@: glowing
A: sense surroundings 1, otherworldly, glowing, explore regen
a: no special abilities


You were on level 4 of the Dungeon.
You visited 1 branch of the dungeon, and saw 4 of its levels.

You collected 121 gold pieces.

Inventory:

Hand Weapons
 h - a +1 whip of venom (weapon)
Armour
 a - a +0 robe (worn)
Jewellery
 g - an amulet of regeneration
Scrolls
 e - a scroll of amnesia
 f - a scroll of enchant armour {unknown}
Potions
 b - a potion of magic
 c - a potion of curing
 d - 2 potions of heal wounds
 i - 3 potions of flight {unknown}
 j - a potion of might {unknown}


   Skills:
 + Level 0.1 Fighting
 + Level 0.2 Maces & Flails
 + Level 3.6 Dodging
 - Level 1.4 Stealth
 + Level 4.0 Spellcasting
 + Level 4.8 Conjurations
 + Level 4.9 Fire Magic


You had 6 spell levels left.
You knew the following spells:

 Your Spells              Type           Power      Damage    Failure   Level
a - Foxfire               Conj/Fire      88%        2x1d8     1%          1
b - Scorch                Fire           44%        2d7       2%          2
c - Flame Wave            Conj/Fire      22%        2d8       19%         4

Your spell library contained the following spells:

 Spells                   Type           Power      Damage    Failure   Level
 Conjure Flame            Conj/Fire      22%        6-21      5%          3
 Summon Small Mammal      Summ           12%        N/A       14%         1
 Inner Flame              Hex/Fire       13%        N/A       16%         3
 Poisonous Vapours        Pois/Air       6%         N/A       21%         2
 Call Canine Familiar     Summ           3%         N/A       38%         3
 Portal Projectile        Hex/Tloc       6%         N/A       38%         3
 Summon Guardian Golem    Hex/Summ       3%         N/A       38%         3
 Tukima's Dance           Hex            3%         N/A       38%         3
 Corpse Rot               Necr/Pois/Air  3%         N/A       80%         4
 Blade Hands              Tmut           1%         N/A       98%         5


Dungeon Overview and Level Annotations

Branches:
Dungeon (4/15) Zot: 1222
 Temple: D:4-7

Altars:

Annotations:
D:4 Crazy Yiuf


Innate Abilities, Weirdness & Mutations

You passively map a small area around you.
You are easily found by Zot.
You glow in the dark.
You regain HP and MP as you explore.


Message History

Confirm with . or Enter, or press ? or * to list all spells.
Flames lash Blork the orc.
Blork the orc is burned terribly!
You kill Blork the orc!
Training target 4.8 for Conjurations reached!
You need to enable at least one skill for training.
Your Spellcasting skill increases to level 4!
You now have 121 gold pieces (gained 13).
Things that are here:
a +2 mace of protection; a +0 robe; the orc corpse of Blork the orc
Found a hammer.
Found a runed translucent door.
Search for what [? for help]?
Okay, then.
Crazy Yiuf shouts!
Crazy Yiuf laughs, "Iron mobile ragdoll!"
As you open the door, it creaks loudly!
Casting: Scorch (safe; 2% risk of failure)
Confirm with . or Enter, or press ? or * to list all spells.
Flames lash Crazy Yiuf.
Crazy Yiuf is moderately wounded.
Crazy Yiuf's fire resistance burns away.
Crazy Yiuf whimpers, "Gum forty-two tired!"
Crazy Yiuf hits you with a +2 quarterstaff of chaos.
Casting: Scorch (safe; 2% risk of failure)
Confirm with . or Enter, or press ? or * to list all spells.
The spell is quite dangerous to miscast (19% risk of failure)!
Continue anyway?
Casting: Flame Wave (quite dangerous; 19% risk of failure)
Press: ? - help, Dir - look around, f - activate A wave of flame ripples out!
The tree burns like a torch!
The flame wave engulfs Crazy Yiuf!
Crazy Yiuf is burned terribly!
Crazy Yiuf is severely wounded. (Press . to intensify the flame waves.) Crazy Yiuf hits you with a +2 quarterstaff of chaos!
Crazy Yiuf freezes you.
* * * LOW HITPOINT WARNING * * *
The forest fire spreads!
A wave of flame ripples out!
The flame wave engulfs Crazy Yiuf.
Crazy Yiuf is burned terribly!
Crazy Yiuf is almost dead.
The tree burns like a torch!
You are engulfed in blazing flames.
You die...

'...............#.......#......#.
########'#############..#......'.
.......#.### #..#....###.
.....<.#...# ##### #..#....###.
.......#...# #..)# #..#........
.......#...# #...# #..'........
.......#...# ...* #..#)#######
.......#...# ♣##g##♣ #..)).......
.......##### ♣§§@§§♣ #...))).....
######....# ♣§.§§§♣ ###.........
#....#....## ♣§.§§§♣ #.#.........
'....#....'# ♣.♣♣♣♣♣ #.'.........
#..###....## ♣♣.♣♣ ###.........
########...# ♣.PP♣♣ #.......###'
.......#...# ♣♣.PP♣ #.......#...
.......#...# #....# #.......#...
#..#####...###....####.......#...


You could see Crazy Yiuf (combustible).

Vanquished Creatures
  Blork the orc (D:4)
  A necrophage (D:4)
  A howler monkey (D:4)
  An iguana (D:4)
  Robin (D:4)
  2 adders (D:4)
  An orc (D:3)
  A bat (D:1)
  3 endoplasms
  2 giant cockroaches (D:1)
  8 goblins
  5 hobgoblins
  4 kobolds
  A frilled lizard (D:3)
  A rat (D:1)
33 creatures vanquished.

Vanquished Creatures (others)
  58 foxfires
  A fungus (D:4)
59 creatures vanquished.

Grand Total: 92 creatures vanquished

Notes
Turn   | Place    | Note
-------+----------+-------------------------------------------
     0 | D:1      | hawla the Meteoran Fire Elementalist began the quest for
                  | the Orb.
     0 | D:1      | Reached XP level 1. HP: 14/14 MP: 5/5
    27 | D:1      | Reached XP level 2. HP: 5/20 MP: 2/6
    55 | D:1      | Learned a level 2 spell: Scorch
   291 | D:3      | Reached XP level 3. HP: 19/26 MP: 8/8
   394 | D:4      | Noticed a necrophage
   399 | D:4      | Killed a necrophage
   400 | D:4      | Reached XP level 4. HP: 33/33 MP: 1/10
   400 | D:4      | Reached XP level 5. HP: 38/38 MP: 1/11
   405 | D:4      | Learned a level 4 spell: Flame Wave
   651 | D:4      | Noticed Robin
   659 | D:4      | Killed Robin
   660 | D:4      | Reached XP level 6. HP: 27/45 MP: 1/12
  1145 | D:4      | Noticed Blork the orc
  1154 | D:4      | Killed Blork the orc
  1169 | D:4      | Found a runed translucent door.
  1170 | D:4      | Noticed Crazy Yiuf
  1176 | D:4      | Engulfed by a cloud of flame

Illustrated notes

Levels and vault maps discovered:
D:1:      beargit_arrival_greenhouse, layout_loops_cross
D:2:      layout_basic, basic_altar, shapermc_ecumenical_altar_hornbeckon,
          uniq_natasha, uniq_jessica
D:3:      layout_rooms, hangedman_decor_clover_reticule,
          dreamdust_princess_bridge
D:4:      layout_gridville, uniq_blork_the_orc, uniq_crazy_yiuf_cottage,
          uniq_robin

Skill      XL: |  1  2  3  4  5  6 |
---------------+-------------------+-----
Fire Magic     | 4 |  4.9
Spellcasting   | 3 4 |  4.0
Dodging        | 3 |  3.6
Conjurations   | 3 4 |  4.8
Fighting       | |  0.1
Maces & Flails | |  0.2
Stealth        | |  1.4

Action                   |  1- 3 |  4- 6 || total
-------------------------+-------+-------++-------
Melee: Unarmed           |     3 |       ||     3
       Whip              |    11 |    14 ||    25
 Cast: Foxfire           |    24 |    10 ||    34
       Scorch            |     3 |     9 ||    12
       Flame Wave        |       |     3 ||     3
  Use: Potion            |     1 |       ||     1
       Scroll            |     6 |       ||     6
Armor: Robe              |     9 |     7 ||    16
Dodge: Dodged            |    15 |    11 ||    26
